[ AOE2 MATCH · #505486018 ]
UnrankedHindustanis vs Malians
Rival team · LOSS
[ REPLAY ANALYSIS · EXTRACTED FROM THE RECORDED GAME ]
Feudal
8:54
Castle
21:03
Imperial
34:48
| APM avg | 70.6 |
| APM peak | 113 |
| eAPM avg | 28.6 |
| Villagers / military | 176 / 324 |
Focus
⚔️ 41.5% · 🌾 58.5%
Cavalry Archer ×114 · Scout Cavalry ×63 · Skirmisher ×57 · Camel Scout ×55 · Trebuchet (Packed) ×10 · Archer ×8
Feudal
10:06
Castle
20:56
Imperial
37:42
| APM avg | 45.2 |
| APM peak | 85 |
| eAPM avg | 23.4 |
| Villagers / military | 195 / 410 |
Focus
⚔️ 36.4% · 🌾 63.6%
Scout Cavalry ×133 · Camel Scout ×91 · Skirmisher ×71 · Hand Cannoneer ×56 · Archer ×36 · Militia ×8
Match map
Initial resources + every placement click. Lines = walls · curves = elevation contours. ◆ gold · ⬟ stone · ● berries · ✦ relic · ◌ wall gap
Your base· Open — opponent sealed themselves in
[CL] castiii's base· ✓ Closed at 20:56 · 44t walls · no gate
Smoothed initial terrain · ◌ = detected wall gap · hover for details
Inputs per minute
— EbolasRider - - [CL] castiii
Build order — EbolasRider
First 150 of 833 actions detected
| 0:01 | Create | Villager (Male) |
| 0:01 | Create | Villager (Male) |
| 0:03 | Build | House |
| 0:04 | Build | House |
| 0:09 | Create | Villager (Male) |
| 0:16 | Create | Villager (Male) |
| 1:13 | Create | Villager (Male) |
| 1:38 | Create | Villager (Male) |
| 1:58 | Build | Lumber Camp |
| 2:01 | Create | Villager (Male) |
| 2:19 | Create | Villager (Male) |
| 2:52 | Create | Villager (Male) |
| 3:04 | Create | Villager (Male) |
| 3:42 | Create | Villager (Male) |
| 3:59 | Build | House |
| 4:14 | Build | Mill |
| 4:26 | Create | Villager (Male) |
| 4:47 | Create | Villager (Male) |
| 4:56 | Create | Villager (Male) |
| 5:36 | Create | Villager (Male) |
| 6:17 | Create | Villager (Male) |
| 6:44 | Research | Feudal Age |
| 7:07 | Build | Lumber Camp |
| 7:33 | Research | Loom |
| 7:40 | Build | House |
| 8:04 | Build | Palisade Wall |
| 8:06 | Build | Palisade Wall |
| 8:08 | Build | Palisade Wall |
| 8:10 | Build | Palisade Wall |
| 8:12 | Build | House |
| 8:16 | Build | House |
| 8:28 | Build | Palisade Wall |
| 8:37 | Build | Palisade Wall |
| 8:52 | Build | Barracks |
| 8:54 | Age | Feudal Age |
| 9:01 | Create | Villager (Male) |
| 9:02 | Research | Double-Bit Axe |
| 9:17 | Create | Villager (Male) |
| 9:48 | Build | Archery Range |
| 9:52 | Build | Palisade Wall |
| 9:59 | Create | Spearman |
| 10:03 | Create | Villager (Male) |
| 10:32 | Build | House |
| 10:35 | Build | House |
| 10:35 | Create | Archer |
| 10:39 | Build | House |
| 10:51 | Create | Villager (Male) |
| 10:56 | Build | House |
| 11:00 | Build | House |
| 11:06 | Build | House |
| 11:07 | Create | Villager (Male) |
| 11:09 | Build | House |
| 11:10 | Create | Villager (Male) |
| 11:15 | Build | Mining Camp |
| 11:30 | Create | Skirmisher |
| 11:34 | Build | Farm |
| 11:40 | Create | Villager (Male) |
| 11:41 | Build | Farm |
| 11:58 | Create | Skirmisher |
| 12:02 | Build | Farm |
| 12:09 | Build | House |
| 12:17 | Create | Skirmisher |
| 12:31 | Build | Farm |
| 12:32 | Create | Villager (Male) |
| 12:36 | Create | Archer |
| 12:38 | Create | Villager (Male) |
| 12:41 | Build | Farm |
| 12:44 | Create | Villager (Male) |
| 12:50 | Build | Palisade Wall |
| 12:58 | Create | Villager (Male) |
| 13:05 | Build | Farm |
| 13:19 | Build | Palisade Wall |
| 13:22 | Create | Archer |
| 13:23 | Create | Villager (Male) |
| 13:30 | Create | Skirmisher |
| 13:56 | Create | Villager (Male) |
| 14:01 | Build | Blacksmith |
| 14:06 | Create | Skirmisher |
| 14:13 | Create | Villager (Male) |
| 14:33 | Build | House |
| 14:38 | Create | Skirmisher |
| 14:40 | Build | Farm |
| 14:43 | Build | Farm |
| 14:58 | Build | Farm |
| 14:59 | Create | Villager (Male) |
| 15:05 | Create | Skirmisher |
| 15:12 | Build | Farm |
| 15:23 | Research | Horse Collar |
| 15:35 | Build | Farm |
| 15:36 | Create | Villager (Male) |
| 15:42 | Create | Skirmisher |
| 15:51 | Build | Farm |
| 15:55 | Create | Villager (Male) |
| 16:08 | Create | Skirmisher |
| 16:12 | Build | Farm |
| 16:19 | Build | Farm |
| 16:31 | Create | Archer |
| 16:34 | Create | Villager (Male) |
| 16:39 | Build | Farm |
| 16:48 | Build | Farm |
| 16:51 | Create | Villager (Male) |
| 16:54 | Create | Archer |
| 17:18 | Create | Villager (Male) |
| 17:39 | Build | House |
| 17:54 | Research | Fletching |
| 18:17 | Build | Farm |
| 18:23 | Research | Castle Age |
| 18:38 | Build | Palisade Wall |
| 18:43 | Create | Archer |
| 18:43 | Create | Archer |
| 18:56 | Build | House |
| 19:20 | Create | Archer |
| 19:41 | Research | Padded Archer Armor |
| 19:47 | Build | Archery Range |
| 19:55 | Research | Gold Mining |
| 20:43 | Create | Villager (Male) |
| 21:03 | Age | Castle Age |
| 21:09 | Build | Town Center |
| 21:12 | Research | Bodkin Arrow |
| 21:14 | Research | Elite Skirmisher (upgrade) |
| 21:14 | Research | Elite Skirmisher (upgrade) |
| 21:15 | Create | Villager (Male) |
| 21:17 | Create | Skirmisher |
| 21:17 | Create | Skirmisher |
| 21:21 | Create | Villager (Male) |
| 21:28 | Build | House |
| 21:29 | Build | House |
| 21:37 | Create | Skirmisher |
| 21:40 | Create | Skirmisher |
| 21:51 | Build | Farm |
| 22:17 | Create | Cavalry Archer |
| 22:17 | Create | Cavalry Archer |
| 22:21 | Create | Cavalry Archer |
| 22:21 | Create | Cavalry Archer |
| 22:27 | Create | Villager (Male) |
| 22:27 | Create | Villager (Male) |
| 22:30 | Build | Farm |
| 22:32 | Build | Monastery |
| 22:43 | Create | Cavalry Archer |
| 22:44 | Create | Cavalry Archer |
| 22:46 | Create | Villager (Male) |
| 22:48 | Build | Farm |
| 22:48 | Build | Farm |
| 22:49 | Build | Palisade Gate |
| 22:51 | Build | Palisade Wall |
| 22:55 | Create | Villager (Male) |
| 22:57 | Build | Farm |
| 23:00 | Create | Cavalry Archer |
| 23:07 | Create | Villager (Male) |
| 23:08 | Research | Gold Shaft Mining |
Build order — [CL] castiii
First 150 of 641 actions detected
| 0:01 | Create | Villager (Male) |
| 0:01 | Create | Villager (Male) |
| 0:01 | Create | Villager (Male) |
| 0:02 | Build | House |
| 0:03 | Build | House |
| 0:19 | Create | Villager (Male) |
| 0:19 | Create | Villager (Male) |
| 1:27 | Create | Villager (Male) |
| 1:27 | Create | Villager (Male) |
| 1:59 | Create | Villager (Male) |
| 2:16 | Create | Villager (Male) |
| 2:16 | Create | Villager (Male) |
| 2:18 | Build | Lumber Camp |
| 2:48 | Create | Villager (Male) |
| 2:48 | Create | Villager (Male) |
| 3:09 | Create | Villager (Male) |
| 3:09 | Create | Villager (Male) |
| 3:25 | Create | Villager (Male) |
| 3:25 | Create | Villager (Male) |
| 3:44 | Create | Villager (Male) |
| 3:44 | Create | Villager (Male) |
| 3:50 | Build | House |
| 3:52 | Build | House |
| 4:22 | Create | Villager (Male) |
| 4:22 | Create | Villager (Male) |
| 4:22 | Create | Villager (Male) |
| 4:45 | Build | Barracks |
| 5:13 | Create | Villager (Male) |
| 5:15 | Create | Villager (Male) |
| 5:16 | Create | Villager (Male) |
| 5:51 | Create | Militia |
| 5:54 | Create | Militia |
| 6:00 | Create | Villager (Male) |
| 6:00 | Create | Villager (Male) |
| 6:07 | Research | Loom |
| 6:12 | Build | Mining Camp |
| 6:42 | Build | Mill |
| 6:54 | Build | Palisade Wall |
| 6:56 | Build | Palisade Wall |
| 7:51 | Research | Feudal Age |
| 8:12 | Build | House |
| 8:33 | Create | Militia |
| 8:33 | Create | Militia |
| 8:42 | Build | House |
| 8:42 | Build | House |
| 9:11 | Build | Palisade Wall |
| 9:15 | Build | Palisade Wall |
| 9:28 | Create | Villager (Male) |
| 9:57 | Build | Palisade Wall |
| 10:06 | Age | Feudal Age |
| 10:14 | Research | Man-at-Arms (upgrade) |
| 10:15 | Create | Villager (Male) |
| 10:25 | Create | Villager (Male) |
| 10:31 | Build | House |
| 10:33 | Build | Archery Range |
| 10:38 | Research | Double-Bit Axe |
| 10:47 | Build | House |
| 11:00 | Create | Villager (Male) |
| 11:07 | Create | Villager (Male) |
| 11:10 | Build | Farm |
| 11:10 | Build | Farm |
| 11:11 | Build | Farm |
| 11:25 | Build | Palisade Wall |
| 11:27 | Build | Palisade Wall |
| 11:27 | Build | Palisade Wall |
| 11:29 | Build | Palisade Wall |
| 11:30 | Build | Palisade Wall |
| 11:36 | Create | Villager (Male) |
| 11:39 | Build | Palisade Wall |
| 11:53 | Build | House |
| 11:55 | Build | Farm |
| 11:58 | Build | Farm |
| 12:03 | Build | Farm |
| 12:15 | Create | Archer |
| 12:15 | Create | Archer |
| 12:33 | Build | Farm |
| 12:34 | Build | Farm |
| 12:35 | Create | Villager (Male) |
| 12:36 | Create | Villager (Male) |
| 12:55 | Create | Villager (Male) |
| 13:07 | Create | Villager (Male) |
| 13:18 | Build | Blacksmith |
| 13:19 | Build | Palisade Wall |
| 13:21 | Create | Archer |
| 13:25 | Create | Villager (Male) |
| 13:47 | Create | Archer |
| 13:53 | Research | Horse Collar |
| 14:06 | Build | Palisade Wall |
| 14:14 | Create | Villager (Male) |
| 14:20 | Build | House |
| 14:26 | Create | Archer |
| 14:27 | Research | Fletching |
| 14:30 | Create | Villager (Male) |
| 14:37 | Build | Farm |
| 14:38 | Build | Farm |
| 14:56 | Create | Archer |
| 15:14 | Build | Farm |
| 15:17 | Build | Farm |
| 15:17 | Create | Villager (Male) |
| 15:35 | Create | Villager (Male) |
| 15:36 | Create | Archer |
| 15:52 | Build | Farm |
| 15:57 | Build | Farm |
| 16:10 | Create | Villager (Male) |
| 16:28 | Create | Archer |
| 16:28 | Create | Archer |
| 16:30 | Create | Villager (Male) |
| 16:42 | Create | Villager (Male) |
| 16:45 | Build | Stable |
| 17:13 | Build | Farm |
| 17:35 | Create | Villager (Male) |
| 18:16 | Research | Castle Age |
| 18:16 | Research | Castle Age |
| 18:28 | Research | Gold Mining |
| 18:32 | Create | Archer |
| 18:32 | Create | Archer |
| 19:01 | Build | Farm |
| 19:02 | Build | Farm |
| 19:21 | Research | Scale Barding Armor |
| 19:57 | Build | Stable |
| 20:28 | Create | Villager (Male) |
| 20:30 | Research | Bloodlines |
| 20:36 | Build | Farm |
| 20:39 | Create | Archer |
| 20:39 | Create | Archer |
| 20:45 | Create | Villager (Male) |
| 20:56 | Age | Castle Age |
| 20:59 | Build | Town Center |
| 21:00 | Create | Villager (Male) |
| 21:01 | Create | Knight |
| 21:02 | Create | Knight |
| 21:05 | Research | Crossbowman (upgrade) |
| 21:11 | Create | Villager (Male) |
| 21:15 | Build | Lumber Camp |
| 21:20 | Create | Villager (Male) |
| 21:22 | Create | Archer |
| 21:30 | Research | Bodkin Arrow |
| 21:31 | Research | Bodkin Arrow |
| 21:54 | Create | Knight |
| 22:19 | Create | Villager (Male) |
| 22:20 | Create | Villager (Male) |
| 22:22 | Build | Town Center |
| 22:23 | Create | Villager (Male) |
| 22:23 | Create | Villager (Male) |
| 22:28 | Create | Archer |
| 22:28 | Create | Archer |
| 22:41 | Create | Villager (Male) |
| 22:50 | Create | Archer |
| 22:50 | Create | Archer |
| 22:52 | Create | Villager (Male) |
Match timeline
| 4:45 | [CL] castiii · first_building Barracks |
| 6:54 | [CL] castiii · wall_segment Palisade Wall x1 |
| 6:56 | [CL] castiii · wall_segment Palisade Wall x1 |
| 8:04 | EbolasRider · wall_segment Palisade Wall x1 |
| 8:06 | EbolasRider · wall_segment Palisade Wall x1 |
| 8:08 | EbolasRider · wall_segment Palisade Wall x1 |
| 8:10 | EbolasRider · wall_segment Palisade Wall x1 |
| 8:28 | EbolasRider · wall_segment Palisade Wall x1 |
| 8:37 | EbolasRider · wall_segment Palisade Wall x1 |
| 8:52 | EbolasRider · first_building Barracks |
| 8:54 | EbolasRider · age_up feudal |
| 9:11 | [CL] castiii · wall_segment Palisade Wall x5 |
| 9:15 | [CL] castiii · wall_segment Palisade Wall x8 |
| 9:48 | EbolasRider · first_building Archery Range |
| 9:52 | EbolasRider · wall_segment Palisade Wall x1 |
| 9:57 | [CL] castiii · wall_segment Palisade Wall x8 |
| 10:06 | [CL] castiii · age_up feudal |
| 10:33 | [CL] castiii · first_building Archery Range |
| 11:25 | [CL] castiii · wall_segment Palisade Wall x1 |
| 11:27 | [CL] castiii · wall_segment Palisade Wall x4 |
| 11:27 | [CL] castiii · wall_segment Palisade Wall x6 |
| 11:29 | [CL] castiii · wall_segment Palisade Wall x7 |
| 11:30 | [CL] castiii · wall_segment Palisade Wall x3 |
| 11:39 | [CL] castiii · wall_segment Palisade Wall x1 |
| 12:50 | EbolasRider · wall_segment Palisade Wall x11 |
| 13:19 | [CL] castiii · wall_segment Palisade Wall x1 |
| 13:19 | EbolasRider · wall_segment Palisade Wall x12 |
| 14:06 | [CL] castiii · wall_segment Palisade Wall x1 |
| 16:45 | [CL] castiii · first_building Stable |
| 18:38 | EbolasRider · wall_segment Palisade Wall x1 |
| 20:56 | [CL] castiii · age_up castle |
| 21:03 | EbolasRider · age_up castle |
| 22:32 | EbolasRider · first_building Monastery |
| 22:51 | EbolasRider · wall_segment Palisade Wall x1 |
| 25:18 | [CL] castiii · first_building Monastery |
| 25:47 | EbolasRider · first_building Stable |
| 30:09 | [CL] castiii · first_market_buy 100 food |
| 30:42 | [CL] castiii · wall_segment Palisade Wall x1 |
| 31:52 | EbolasRider · first_building Siege Workshop |
| 32:43 | [CL] castiii · first_building Castle |
| 34:38 | EbolasRider · first_building Castle |
| 34:48 | EbolasRider · age_up imperial |
| 37:05 | [CL] castiii · wall_segment Stone Wall x1 |
| 37:13 | EbolasRider · first_market_buy 100 wood |
| 37:42 | [CL] castiii · age_up imperial |
| 40:37 | [CL] castiii · first_market_sell 500 wood |
| 43:13 | EbolasRider · first_market_sell 500 food |
| 52:40 | [CL] castiii · wall_segment Stone Wall x1 |
| 59:16 | [CL] castiii · resign |
[ AI ANALYSIS · 1 CREDIT ]
What really happened in this match?
Wolo.gg analyzes every decision: build order, eco, micro, common mistakes by bracket. Personalized analysis on WhatsApp or Discord in 30 seconds.
Civ guide
Hindustanis
Perfil
Zaid (EbolasRider)